 Dungeon Crawl Stone Soup version 0.17-a0-1373-g64d4c99 (webtiles) character file.

360977 Gorice the Spry (level 23, -4/102 HPs)
             Began as a Kobold Hunter on June 10, 2015.
             Was the Champion of Okawaru.
             Killed from afar by a starcursed mass (6 damage)
             ... with an accursed screaming
             ... on level 1 of the Abyss on June 13, 2015.
             The game lasted 08:16:03 (64814 turns).

Gorice the Spry (Kobold Hunter)                    Turns: 64814, Time: 08:16:03

Health: -4/102     AC: 23    Str: 17      XL:     23   Next: 48%
Magic:  42/42      EV: 33    Int: 13      God:    Okawaru [******]
Gold:   1759       SH:  0    Dex: 24 (25) Spells: 7 memorised, 26 levels left

rFire  + . .     SeeInvis +     a - +9 quick blade (elec)
rCold  + . .     Clarity  +     R - +0 ring mail of Fedhas's Condemnation {rPois rC+ Slay+6 SInv}
rNeg   . . .     SustAt   .     (shield restricted)
rPois  +         Gourm    .     B - +3 hat "Loris" {rElec MP+9 Dex+7}
rElec  +         Spirit   .     M - +1 cloak of Dyspraxia {Str+4 Int+3 SInv}
rCorr  .         Warding  .     D - +2 pair of gloves {Dex+3}
rMut   .         Rnd*Tele +     I - +2 pair of boots
MR     +....                    r - amulet of clarity
Stlth  +++.......               f - ring of protection from fire
                                T - +5 ring of protection

@: swift, repel missiles, very quick, somewhat resistant to hostile
enchantments, fairly stealthy
A: blurry vision 3, carnivore 3, clumsy 2, deformed body, deterioration 1, dopey
1, frail 3, low mp 1, screaming 2, slow healing 1, teleportitis 2, weak 1,
subdued magic 1
a: Heroism, Finesse, Renounce Religion
}: 2/15 runes: serpentine, barnacled


You were on level 1 of the Abyss.
You worshipped Okawaru.
Okawaru was exalted by your worship.
You were full.

You visited 7 branches of the dungeon, and saw 39 of its levels.
You visited the Abyss 1 time.
You also visited: Sewer and Ice Cave.

You collected 4512 gold pieces.
You spent 2753 gold pieces at shops.

Inventory:

Hand weapons
 a - a +9 quick blade of electrocution (weapon)
   (Okawaru gifted it to you on level 13 of the Dungeon)
 b - a +0 arbalest of flaming
   (You acquired it on level 1 of the Lair of Beasts)
 c - a +4 demon blade of flaming
   (You took it off Margery on level 3 of the Vaults)
 q - a +1 rapier of holy wrath
   (Okawaru gifted it to you on level 3 of the Vaults)
 A - the +15 heavy crossbow "Sniper" {velocity, SInv}
   (Okawaru gifted it to you on level 4 of the Snake Pit)

   Any bolt fired from it inflicts extra damage.
   It lets you see invisible.
Missiles
 d - 32 bolts of flame
 l - 17 silver bolts
 n - 470 bolts (quivered)
 p - 8 bolts of frost
 E - 57 steel bolts
 P - 76 bolts of penetration
 U - 65 poisoned bolts
Armour
 s - a +0 fire dragon armour
 B - the +3 hat "Loris" (worn) {rElec MP+9 Dex+7}
   (Okawaru gifted it to you on level 6 of the Lair of Beasts)

   It affects your dexterity (+7).
   It insulates you from electricity.
   It affects your magic capacity (+9).
 D - a +2 pair of gloves of dexterity (worn)
   (Okawaru gifted it to you on level 2 of the Lair of Beasts)
 I - a +2 pair of boots (worn)
 M - the +1 cloak of Dyspraxia (worn) {Str+4 Int+3 SInv}
   (Okawaru gifted it to you on level 4 of the Snake Pit)

   It affects your strength (+4).
   It affects your intelligence (+3).
   It lets you see invisible.
 R - the +0 ring mail of Fedhas's Condemnation (worn) {rPois rC+ Slay+6 SInv}
   (You found it on level 5 of the Lair of Beasts)

   It affects your accuracy and damage with ranged weapons and melee attacks
   (+6).
   It protects you from cold.
   It protects you from poison.
   It lets you see invisible.
Jewellery
 f - a ring of protection from fire (right hand)
 j - an uncursed ring of sustain attributes
 r - an amulet of clarity (around neck)
 J - an uncursed amulet of warding
 O - the ring "Bivauhoy" {rN+ MR+ Dex+3 Stlth+}
   (You found it on level 8 of the Lair of Beasts)

   [ring of stealth]

   It affects your dexterity (+3).
   It protects you from negative energy.
   It affects your resistance to hostile enchantments.
   It makes you more stealthy.
 T - a +5 ring of protection (left hand)
 W - a +2 ring of slaying {unknown}
Magical devices
 o - a wand of fireball (9)
 w - a wand of cold (6)
 K - a wand of disintegration (21)
 X - a wand of digging (10)
Scrolls
 i - 3 scrolls of amnesia
 v - 3 scrolls of fog
 y - 9 scrolls of identify
 z - 10 scrolls of teleportation {!r}
 G - 2 scrolls of blinking
 S - 7 scrolls of fear {!r}
 V - 8 scrolls of remove curse
Potions
 e - 2 potions of might {!q}
 m - 11 potions of curing
 t - 2 potions of resistance {!q}
 u - 7 potions of agility {!q}
 C - a potion of cancellation {!q}
 F - 4 potions of heal wounds {!q}
 H - 3 potions of invisibility {!q}
Books
 h - a book of Spatial Translocations
Miscellaneous
 L - a lantern of shadows
 N - a box of beasts
Comestibles
 g - 21 meat rations {!e}
 k - 10 beef jerkies
 Q - a slice of pizza


   Skills:
 * Level 15.6 Fighting
 - Level 10.0 Short Blades
 + Level 17.9 Crossbows
 - Level 15.0 Armour
 - Level 18.8 Dodging
 - Level 5.9 Stealth
 - Level 10.0 Spellcasting
 - Level 7.0 Charms
 - Level 6.0 Summonings
 - Level 11.5 Translocations
 - Level 7.0 Air Magic
 - Level 8.0 Invocations
 - Level 5.5 Evocations


You had 26 spell levels left.
You knew the following spells:

 Your Spells              Type           Power        Failure   Level  Hunger
a - Portal Projectile     Tloc           ###...       1%          3    #......
A - Apportation           Tloc           ###.......   1%          1    None
B - Summon Butterflies    Summ           ##......     1%          1    None
J - Blink                 Tloc           N/A          1%          2    None
M - Repel Missiles        Chrm/Air       ###...       1%          2    None
P - Phase Shift           Tloc           ###.......   1%          5    #####..
S - Swiftness             Chrm/Air       ###.....     1%          2    None


Dungeon Overview and Level Annotations

Branches:
Dungeon (15/15)            Temple (1/1) D:4            Lair (8/8) D:9
 Shoals (4/4) Lair:6        Snake (4/4) Lair:5        Slime (0/6) Lair:6
    Orc (4/4) D:9             Elf (0/3) Orc:3        Vaults (3/5) D:14
  Crypt (0/3) Vaults:2     Depths (0/5) D:15

Altars:
Ashenzari
Cheibriados
Dithmenos
Elyvilon
Fedhas
Gozag
Kikubaaqudgha
Makhleb
Nemelex Xobeh
Okawaru
Qazlal
Ru
Sif Muna
Trog
Vehumet
Xom
Yredelemnul
Zin
The Shining One
Beogh
Jiyva

Shops:
D:4 [   D:6 *   D:12 (   Orc:4 =*(?[   Shoals:1 ?   Snake:2 :*[   Vaults:3 %

Annotations:
D:8 exclusion: 2 oklob saplings
Shoals:2 exclusion: Roxanne, Roxanne


Innate Abilities, Weirdness & Mutations

You are small and have problems with some larger weapons.
You are carnivorous and can eat meat at any time.
[Scrolls take you much longer to read.]
[You are very clumsy. (Dex -4)]
[Armour fits poorly on your strangely shaped body.]
[Your body sometimes deteriorates upon taking damage.]
[You are dopey. (Int -2)]
[You are extremely frail (-30% HP).]
[Your magical capacity is low (-10% MP).]
[You sometimes yell uncontrollably at your foes.]
[You heal slowly when monsters are visible.]
[You are sometimes teleported to nearby monsters.]
[You are weak. (Str -2)]
[Your spells are a little easier to cast, but a little less powerful.]


Message History

You hit the wretched star but do no damage.
The wretched star is severely damaged.
The worldbinder hits you but does no damage.
The worldbinder closely misses you. The large abomination misses you.
Unknown command.
You hit the wretched star.
The wretched star is severely damaged.
The spatial maelstrom hits you.
* * * LOW HITPOINT WARNING * * *
You feel strangely stable.
The spatial maelstrom completely misses you.
The small abomination completely misses you.
Damage: 4 (max 19)
You hit the wretched star.
The wretched star is almost destroyed.
The demonic crawler hits you but does no damage.
The demonic crawler completely misses you.
The demonic crawler hits you but does no damage.
The worldbinder completely misses you. The worldbinder barely misses you.
Unknown command.
You closely miss the wretched star.
The wretched star is almost destroyed.
The spatial maelstrom completely misses you. x2
The small abomination misses you.
Unknown command.
You puncture the wretched star!
The wretched star is almost destroyed.
The demonic crawler completely misses you.
The demonic crawler closely misses you.
The demonic crawler hits you but does no damage.
Unknown command.
You hit the wretched star.
You destroy the wretched star!
The spatial maelstrom hits you!
* * * LOW HITPOINT WARNING * * *
Your body deteriorates!
You feel clumsy.
The spatial maelstrom completely misses you.
The worldbinder completely misses you. x2
The large abomination completely misses you.
Damage: 15 (max 19)
The starcursed mass shrieks in your mind.
* * * LOW HITPOINT WARNING * * *
The spatial maelstrom hits you but does no damage. x2
The orc warrior hits you but does no damage.
Found a potion of curing.
Damage: 7 (max 19) Unknown command.
The worldbinder calls forth creatures from the Orcish Mines!
A chorus of shrieks assaults your mind.
You die... # ......... .. #......... ### .%......!. #v ##.###%........ ##. ###v#.#...ov>.... ...###.....v#xoo..#... #..X ....#..Xx#...... # # W#v

.#X#sx......#.
. .X. ##
.#X#Wov@.......
v. # ##
##.##X........
.. .. .#
.##...........#
...## ..
..###..........
.. .## ..
#....#.....
.#.# . # .
.#...#v.... .
#.#.. ##..#..
.... .# # #. ..
.... .#.#


You could see 2 starcursed masses, a spatial maelstrom, a demonic crawler, 2
spatial vortices, a large abomination, a worldbinder, a wraith, an orc warrior,
2 small abominations, an insubstantial wisp and 3 orc priests.

Vanquished Creatures
  Margery (Vaults:3)
  Nikola (Shoals:2)
  Rupert (D:14)
  A titan (Vaults:2)
  A kraken (Shoals:2)
  An octopode crusher (Shoals:4)
  Frances (D:13)
  A shadow dragon (Vaults:2)
  Kirke (Shoals:1)
  2 tengu reavers
  An ancient champion (Vaults:2)
  Ilsuiw (Shoals:4)
  An orc warlord (Orc:4)
  10 greater nagas
  Maud (D:13)
  Aizul (Vaults:1)
  A frost giant (Vaults:2)
  3 vault wardens
  2 very ugly things
  7 ironheart preservers
  A war gargoyle (Vaults:2)
  5 stone giants
  Nessos (D:15)
  A deep elf demonologist (Vaults:2)
  A dire elephant (D:15)
  Azrael (Orc:4)
  A deep elf death mage (Vaults:2)
  4 ettins
  Snorg (Lair:4)
  5 merfolk javelineers (Shoals:4)
  Erolcha (D:8)
  A fire dragon (Vaults:1)
  6 vault guards (Vaults:2)
  9 merfolk impalers
  10 ogre magi
  An ice dragon (Vaults:3)
  5 yaktaur captains
  3 great orbs of eyes
  4 small abominations
  10 hydras
  2 rakshasas
  8 merfolk aquamancers
  19 naga warriors
  2 catoblepae
  7 centaur warriors
  2 salamander stormcallers (Vaults:2)
  3 satyrs
  9 anacondas
  34 death yaks
  An alligator snapping turtle (Shoals:4)
  2 merfolk avatars (Shoals:4)
  2 dancing weapons (Vaults:2)
  2 deep troll shamans (Vaults:2)
  A death knight (Vaults:2)
  A vampire mage (Vaults:2)
  A deep troll earth mage (Vaults:2)
  8 shock serpents
  5 hell knights (Vaults:3)
  19 naga sharpshooters
  2 deep elf knights (Vaults:1)
  Sonja (D:13)
  A storm dragon zombie (Vaults:2)
  An orc high priest (Orc:4)
  A large abomination (Abyss:1)
  6 salamander mystics
  A wretched star (Abyss:1)
  2 storm dragon skeletons (Vaults:2)
  4 skeletal warriors
  3 unseen horrors
  A shadow wraith (Vaults:3)
  A wizard (Vaults:1)
  A deep troll (shapeshifter) (Vaults:2)
  A giant orange brain (Vaults:2)
  A giant orange brain (shapeshifter) (Vaults:2)
  8 hill giants
  2 ice statues (IceCv)
  9 sea snakes
  2 deep trolls (Vaults:2)
  3 wolf spiders
  Pikel (D:7)
  8 ironbrand convokers
  7 naga ritualists
  7 orc sorcerers
  A phantasmal warrior (Vaults:2)
  4 deep elf conjurers
  9 fauns
  9 mana vipers
  12 orc knights
  13 salamanders
  A tengu skeleton (Vaults:2)
  16 manticores
  7 harpies
  14 griffons
  15 ugly things
  2 hornets
  4 necromancers
  6 water nymphs
  9 cyclopes
  A frost giant zombie (Vaults:2)
  10 vault sentinels
  47 black mambas
  11 sirens
  2 centaur zombies
  16 spiny frogs
  21 elephants
  4 guardian serpents
  A kobold demonologist (D:13)
  5 gargoyles
  3 fire drakes
  13 naga magi
  4 komodo dragons
  6 deep elf priests
  A fire drake (shapeshifter) (Vaults:3)
  A tengu conjurer (D:14)
  4 wandering mushrooms (D:8)
  18 yaktaurs
  8 trolls
  A spriggan druid (Lair:8)
  An ancient zyme (Abyss:1)
  2 freezing wraiths
  45 merfolk
  4 wind drakes
  8 polar bears
  15 two-headed ogres
  32 blink frogs
  A raiju (Abyss:1)
  A trapdoor spider zombie (D:9)
  5 boulder beetles
  26 slime creatures
  12 snapping turtles
  55 yaks
  A fire giant simulacrum (Vaults:1)
  A trapdoor spider (shapeshifter) (D:14)
  9 spriggans
  A shadow (D:15)
  18 water elementals
  3 wraiths
  A trapdoor spider (D:10)
  A basilisk (shapeshifter) (Vaults:3)
  3 redbacks
  5 deep elf magi
  16 humans (D:14)
  12 hippogriffs
  Eustachio (D:5)
  3 wyverns
  A basilisk (D:13)
  10 vampire mosquitoes
  7 deep elf fighters
  7 wargs
  21 wolves
  50 nagas
  A hungry ghost (D:10)
  A fire elemental (Orc:3)
  A mottled dragon (Vaults:1)
  2 human zombies (Vaults:2)
  3 insubstantial wisps (Abyss:1)
  A spatial vortex (Abyss:1)
  17 water moccasins
  11 porcupines
  A slave (D:8)
  Duvessa (D:7)
  A swamp drake (Orc:2)
  41 orc warriors
  13 ice beasts
  2 eyes of draining (D:13)
  2 sky beasts
  2 eyes of draining (shapeshifter)
  3 hell hounds (Orc:4)
  9 black bears
  42 ogres
  A human skeleton (Vaults:2)
  4 phantoms
  3 wasps
  17 crocodiles
  5 big kobolds
  18 centaurs
  A wyvern zombie (D:6)
  A brain worm (Lair:5)
  24 giant frogs
  2 scorpions
  2 wyvern skeletons
  Dowan (D:7)
  32 killer bees
  7 wights
  5 electric eels
  2 vampire bats (D:3)
  3 jellies
  26 orc priests
  7 starcursed masses (Abyss:1)
  8 crimson imps
  4 centaur skeletons
  A gnoll shaman (D:6)
  18 iguanas
  An iron imp (Orc:2)
  Jessica (D:2)
  8 hounds
  30 orc wizards
  Terence (D:2)
  An elf simulacrum (Vaults:1)
  Natasha (D:2)
  9 worker ants
  A hell rat (Lair:5)
  27 sheep
  A hound skeleton (D:6)
  11 gnolls
  9 adders
  78 river rats
  2 shadow imps
  A white imp (Orc:2)
  An ooze (D:2)
  2 adder skeletons
  3 worms
  12 giant geckos
  224 orcs
  16 bats
  2 giant cockroaches
  22 goblins
  15 hobgoblins
  51 kobolds
  2 ball pythons
  2 giant gecko skeletons
  4 giant newts
  12 jackals
  A jackal skeleton (D:5)
  A jackal zombie (D:6)
  6 quokkas
  29 rats
  A bush (Lair:8)
  A crawling corpse (Vaults:2)
  A plant (Lair:8)
1925 creatures vanquished.

Vanquished Creatures (others)
  A human (Shoals:1)
  2 slaves (D:8)
  A small abomination (Abyss:1)
  A hound (D:8)
  3 orcs
  A hobgoblin (D:8)
  A quokka skeleton (D:8)
  15 fungi
  14 plants
  4 tentacles (Shoals:2)
  30 tentacle segments (Shoals:2)
73 creatures vanquished.

Grand Total: 1998 creatures vanquished

Notes
Turn   | Place    | Note
--------------------------------------------------------------
     0 | D:1      | Gorice the Kobold Hunter began the quest for the Orb.
     0 | D:1      | Reached XP level 1. HP: 12/12 MP: 1/1
    40 | D:1      | Reached skill level 5 in Crossbows
    98 | D:1      | Reached XP level 2. HP: 17/17 MP: 2/2
   192 | D:1      | Reached XP level 3. HP: 19/21 MP: 3/3
   522 | D:1      | Reached skill level 6 in Crossbows
  1024 | D:2      | Reached XP level 4. HP: 26/26 MP: 4/4
  1026 | D:2      | Noticed Jessica
  1028 | D:2      | Noticed Terence
  1038 | D:2      | Killed Jessica
  1113 | D:2      | Killed Terence
  1113 | D:2      | Reached skill level 7 in Crossbows
  1113 | D:2      | Reached XP level 5. HP: 11/30 MP: 5/5
  1240 | D:2      | Noticed Natasha
  1246 | D:2      | Killed Natasha
  1246 | D:2      | Reached skill level 2 in Short Blades
  1557 | D:3      | Reached skill level 3 in Short Blades
  1602 | D:3      | Reached skill level 4 in Short Blades
  1602 | D:3      | Reached XP level 6. HP: 30/35 MP: 6/6
  1805 | D:3      | Found a stormy altar of Qazlal.
  2351 | D:4      | Reached skill level 5 in Short Blades
  2439 | D:4      | Found a staircase to the Ecumenical Temple.
  2474 | Temple   | Entered the Ecumenical Temple
  2567 | Temple   | Became a worshipper of Warmaster Okawaru
  2627 | D:4      | Found Zishuiwn's Armour Shop.
  2993 | D:4      | Reached skill level 6 in Short Blades
  3200 | D:4      | Reached XP level 7. HP: 32/40 MP: 7/7
  3428 | D:5      | Entered Level 5 of the Dungeon
  3432 | D:5      | Found an opulent altar of Gozag.
  3714 | D:5      | Found a glowing drain.
  3720 | Sewer    | Entered a sewer
  3828 | Sewer    | Reached skill level 7 in Short Blades
  4072 | D:5      | Noticed Eustachio
  4203 | D:5      | Killed Eustachio
  4203 | D:5      | Acquired Okawaru's first power
  4203 | D:5      | Reached skill level 8 in Short Blades
  4375 | D:5      | Reached XP level 8. HP: 42/44 MP: 8/8
  4468 | D:5      | Reached skill level 9 in Short Blades
  5342 | D:6      | Reached skill level 10 in Short Blades
  5626 | D:6      | Reached skill level 3 in Fighting
  5626 | D:6      | Reached skill level 8 in Crossbows
  5927 | D:6      | Reached skill level 4 in Fighting
  5927 | D:6      | Reached skill level 9 in Crossbows
  5927 | D:6      | Reached XP level 9. HP: 52/52 MP: 9/9
  6011 | D:6      | Found Vyar Sakk's Assorted Antiques.
  6371 | D:6      | Bought a scroll labeled XEREOMP HAMU for 27 gold pieces
  6371 | D:6      | Bought a scroll labeled NUNURPH LOTRIN for 27 gold pieces
  6371 | D:6      | Bought a scroll labeled LASUCO REAGHI for 27 gold pieces
  6371 | D:6      | Bought 2 scrolls of identify for 108 gold pieces
  6371 | D:6      | Bought a scroll labeled BOWUMY DOXAOT for 27 gold pieces
  6539 | D:7      | Noticed Duvessa
  6539 | D:7      | Noticed Dowan
  6547 | D:7      | Killed Dowan
  6555 | D:7      | HP: 15/53 [Duvessa/short sword of draining (1)]
  6557 | D:7      | HP: 7/53 [Duvessa/short sword of draining (1)]
  7000 | D:7      | Killed Duvessa
  7000 | D:7      | Reached skill level 5 in Fighting
  7157 | D:7      | Reached skill level 10 in Crossbows
  8191 | D:8      | Noticed Pikel
  8192 | D:8      | Noticed Erolcha
  8230 | D:8      | HP: 9/54 [Erolcha/giant club (19)]
  8233 | D:8      | Killed Erolcha
  8233 | D:8      | Received a gift from Okawaru
  8233 | D:8      | Reached skill level 6 in Fighting
  8233 | D:8      | Reached skill level 11 in Crossbows
  8233 | D:8      | Reached XP level 10. HP: 9/61 MP: 10/10
  8281 | D:8      | HP: 18/61 [troll (7)]
  8293 | D:8      | HP: 9/61 [hobgoblin/club (3)]
  8326 | D:7      | HP: 27/91 [Pikel/whip of freezing (5)]
  8336 | D:7      | Killed Pikel
  8336 | D:7      | Reached skill level 7 in Fighting
  8336 | D:7      | Reached skill level 12 in Crossbows
  8869 | D:8      | Noticed a wandering mushroom
  8878 | D:8      | Killed a wandering mushroom
  8885 | D:8      | Noticed a wandering mushroom
  8896 | D:8      | Killed a wandering mushroom
  9039 | D:7      | Reached skill level 13 in Crossbows
  9040 | D:7      | Upgraded the game from 0.17-a0-1337-ge651487 to 0.17-a0-1360-g37db002
  9212 | D:8      | Found a blossoming altar of Fedhas.
  9212 | D:8      | Noticed a wandering mushroom
  9212 | D:8      | Noticed a wandering mushroom
  9469 | D:8      | Killed a wandering mushroom
  9469 | D:8      | Reached skill level 3 in Dodging
  9564 | D:8      | Reached skill level 8 in Fighting
  9585 | D:8      | Killed a wandering mushroom
  9585 | D:8      | Reached skill level 4 in Dodging
  9898 | D:9      | Reached skill level 5 in Dodging
  9899 | D:9      | Found a staircase to the Lair.
 10106 | D:8      | Reached XP level 11. HP: 54/69 MP: 11/11
 10319 | D:9      | Reached skill level 6 in Dodging
 10533 | D:8      | Reached skill level 7 in Dodging
 10609 | D:8      | Reached skill level 9 in Fighting
 10897 | D:9      | Reached skill level 8 in Dodging
 11426 | D:9      | Found a roughly hewn altar of Beogh.
 11580 | D:9      | Found a staircase to the Orcish Mines.
 11928 | D:9      | Reached skill level 9 in Dodging
 12120 | Lair:1   | Entered Level 1 of the Lair of Beasts
 12161 | Lair:1   | Received a gift from Okawaru
 12254 | Lair:1   | Noticed a death yak
 12576 | Lair:1   | Received a gift from Okawaru
 12941 | Lair:1   | Noticed a six-headed hydra
 13135 | Lair:1   | Reached skill level 10 in Fighting
 13135 | Lair:1   | Reached skill level 10 in Dodging
 13307 | Lair:1   | Received a gift from Okawaru
 13386 | Lair:1   | Killed a six-headed hydra
 13386 | Lair:1   | Reached XP level 12. HP: 43/78 MP: 10/12
 13405 | Lair:1   | Noticed a death yak
 13405 | Lair:1   | Noticed a death yak
 13405 | Lair:1   | Noticed a death yak
 13405 | Lair:1   | Noticed a death yak
 13405 | Lair:1   | Noticed a death yak
 13480 | Lair:1   | Reached skill level 11 in Dodging
 13908 | Lair:1   | HP: 19/78 [death yak (19)]
 13913 | Lair:1   | Killed a death yak
 13913 | Lair:1   | Received a gift from Okawaru
 14338 | Lair:2   | Got a smoking ring mail
 14381 | Lair:2   | Identified the +5 ring mail of the Sea {rC+ Int-2 SInv} (You found it on level 2 of the Lair of Beasts)
 14677 | Lair:1   | Reached skill level 12 in Dodging
 14689 | Lair:1   | Received a gift from Okawaru
 14723 | Lair:2   | Reached skill level 11 in Fighting
 15029 | Lair:2   | Acquired Okawaru's second power
 15029 | Lair:2   | Received a gift from Okawaru
 15056 | Lair:2   | Reached skill level 13 in Dodging
 15111 | Lair:2   | HP: 24/80 [poisoned by a black mamba]
 15116 | Lair:2   | HP: 22/80 [poisoned by a black mamba]
 15123 | Lair:2   | HP: 21/80 [poisoned by a black mamba]
 15130 | Lair:2   | HP: 20/80 [poisoned by a black mamba]
 15138 | Lair:2   | HP: 20/80 [poisoned by a black mamba]
 15611 | Lair:2   | Received a gift from Okawaru
 15655 | Lair:2   | Noticed a seven-headed hydra
 15669 | Lair:2   | Killed a seven-headed hydra
 16213 | D:4      | Bought a cursed +0 cloak for 19 gold pieces
 16425 | Lair:1   | Killed a death yak
 16425 | Lair:1   | Reached XP level 13. HP: 85/85 MP: 10/13
 16473 | Lair:1   | Killed a death yak
 16473 | Lair:1   | Reached skill level 14 in Dodging
 16479 | Lair:1   | Killed a death yak
 16479 | Lair:1   | Received a gift from Okawaru
 16480 | Lair:1   | Killed a death yak
 16480 | Lair:1   | Reached skill level 12 in Fighting
 16486 | Lair:1   | Killed a death yak
 16486 | Lair:1   | Received a gift from Okawaru
 16699 | Lair:2   | HP: 24/86 [poisoned by a black mamba]
 16704 | Lair:2   | HP: 19/86 [poisoned by a black mamba]
 16709 | Lair:2   | HP: 15/86 [poisoned by a black mamba]
 16714 | Lair:2   | HP: 12/86 [poisoned by a black mamba]
 16720 | Lair:2   | HP: 11/86 [poisoned by a black mamba]
 16726 | Lair:2   | HP: 10/86 [poisoned by a black mamba]
 16734 | Lair:2   | HP: 10/86 [poisoned by a black mamba]
 17219 | Lair:3   | Reached skill level 15 in Dodging
 17426 | Lair:3   | Reached skill level 1 in Armour
 17470 | Lair:2   | Received a gift from Okawaru
 17470 | Lair:2   | Reached skill level 2 in Armour
 17748 | Lair:2   | Reached skill level 3 in Armour
 17760 | Lair:2   | HP: 23/87 [death yak (6)]
 18498 | Lair:3   | Reached skill level 4 in Armour
 19025 | Lair:4   | Reached skill level 13 in Fighting
 19177 | Lair:4   | Got a dazzling leather armour
 19224 | Lair:4   | Found a frozen archway.
 19238 | IceCv    | Entered an ice cave
 19280 | IceCv    | Reached skill level 5 in Armour
 19408 | Lair:4   | Reached XP level 14. HP: 83/94 MP: 14/14
 19503 | Lair:4   | Identified the +2 leather armour "Nidgh" {rF+ Str+5} (You found it on level 4 of the Lair of Beasts)
 19789 | Lair:4   | Got a brightly glowing ring mail
 19808 | Lair:3   | Identified the +1 ring mail of the Flute {*Drain +Fly rElec} (You found it on level 4 of the Lair of Beasts)
 20066 | Lair:3   | Reached skill level 6 in Armour
 20155 | Lair:4   | Identified the Reference Book on the Compass
 20283 | Lair:4   | Noticed Snorg
 20303 | Lair:4   | Killed Snorg
 20758 | Lair:5   | Reached skill level 7 in Armour
 20940 | Lair:5   | Got a tiger eye-studded ring mail
 20987 | Lair:5   | Received a gift from Okawaru
 21114 | Lair:5   | Found a staircase to the Snake Pit.
 21307 | Lair:4   | Identified the cursed +0 ring mail of Fedhas's Condemnation {rPois rC+ Slay+6 SInv} (You found it on level 5 of the Lair of Beasts)
 22105 | Lair:6   | Reached skill level 14 in Fighting
 22176 | Lair:6   | Found a staircase to the Snake Pit.
 22270 | Lair:6   | Found a viscous altar of Jiyva.
 22270 | Lair:6   | Found a staircase to the Slime Pits.
 22403 | Lair:6   | Reached skill level 8 in Armour
 22694 | Lair:6   | Found a staircase to the Shoals.
 22700 | Lair:6   | Received a gift from Okawaru
 22701 | Lair:6   | Got a bloodstained hat {god gift}
 22728 | Lair:6   | Identified the +3 hat "Loris" {rElec MP+9 Dex+7} (Okawaru gifted it to you on level 6 of the Lair of Beasts)
 23471 | Lair:7   | Reached skill level 9 in Armour
 24025 | Lair:7   | Reached XP level 15. HP: 101/101 MP: 15/15
 24698 | Lair:8   | Entered Level 8 of the Lair of Beasts
 25342 | Lair:8   | Reached skill level 10 in Armour
 26355 | Lair:8   | Reached skill level 15 in Fighting
 26484 | Lair:8   | Received a gift from Okawaru
 26516 | Lair:8   | Reached skill level 1 in Invocations
 26985 | Lair:8   | Reached skill level 11 in Armour
 27109 | Lair:8   | Reached skill level 2 in Invocations
 27134 | Lair:8   | Received a gift from Okawaru
 27488 | Lair:8   | Reached skill level 3 in Invocations
 27672 | Lair:7   | Received a gift from Okawaru
 28008 | Lair:8   | Got a clouded brass ring
 28383 | Lair:7   | Received a gift from Okawaru
 28384 | Lair:7   | Got a heavy robe {god gift}
 28401 | Lair:7   | Identified the +1 robe of the Farrier {+Fly MR- rCorr} (Okawaru gifted it to you on level 7 of the Lair of Beasts)
 28415 | Lair:8   | Reached skill level 4 in Invocations
 28750 | Lair:1   | Identified the ring "Bivauhoy" {rN+ MR+ Dex+3 Stlth+} (You found it on level 8 of the Lair of Beasts)
 28756 | Lair:1   | Identified a scroll of acquirement
 28826 | Orc:1    | Entered Level 1 of the Orcish Mines
 29190 | Orc:1    | Upgraded the game from 0.17-a0-1360-g37db002 to 0.17-a0-1368-g6ab37f2
 29576 | Orc:2    | Reached XP level 16. HP: 104/108 MP: 19/19
 29860 | Orc:3    | Found a staircase to the Elven Halls.
 30077 | Orc:3    | Reached skill level 12 in Armour
 30289 | Orc:3    | Found a roughly hewn altar of Beogh.
 30644 | Orc:2    | Reached skill level 5 in Invocations
 31185 | Orc:4    | Entered Level 4 of the Orcish Mines
 31209 | Orc:4    | Found Ilegren's General Store.
 31450 | Orc:4    | Found Muystre Qado's Magic Scroll Emporium.
 31742 | Orc:4    | Found Qosovitei's Antique Weapon Shoppe.
 31835 | Orc:4    | Found Muteschut's Antique Armour Emporium.
 31874 | Orc:4    | Bought a pair of runed boots for 130 gold pieces
 32266 | Orc:4    | Found Yttenkarph's Jewellery Shoppe.
 32318 | Orc:4    | Noticed Azrael
 32486 | Orc:4    | Killed Azrael
 32486 | Orc:4    | Reached skill level 6 in Invocations
 32813 | Orc:4    | Received a gift from Okawaru
 32927 | Orc:4    | Bought a +5 ring of protection for 715 gold pieces
 32964 | Orc:4    | Bought a scroll of fear for 42 gold pieces
 32964 | Orc:4    | Bought a scroll of identify for 24 gold pieces
 32964 | Orc:4    | Bought a scroll of remove curse for 36 gold pieces
 32964 | Orc:4    | Bought a scroll of identify for 24 gold pieces
 32964 | Orc:4    | Bought a scroll of remove curse for 36 gold pieces
 32964 | Orc:4    | Bought a scroll of remove curse for 36 gold pieces
 32974 | Orc:4    | Bought a twisted chain mail for 275 gold pieces
 33182 | Lair:1   | Identified the +1 chain mail of the Hall of Blades {rF+ Slay+4} (You bought it in a shop on level 4 of the Orcish Mines)
 33231 | D:10     | Entered Level 10 of the Dungeon
 33993 | D:11     | Reached skill level 13 in Armour
 34381 | D:11     | Reached skill level 7 in Invocations
 35005 | D:12     | Found Xays's Weapon Shop.
 35911 | D:13     | Reached skill level 8 in Invocations
 35976 | D:13     | Noticed Maud
 35997 | D:13     | Killed Maud
 35997 | D:13     | Received a gift from Okawaru
 35997 | D:13     | Reached XP level 17. HP: 110/113 MP: 23/23
 36446 | D:13     | Noticed Frances
 36456 | D:13     | Killed Frances
 36456 | D:13     | Reached skill level 14 in Armour
 36608 | D:13     | Noticed Sonja
 36739 | D:13     | Killed Sonja
 37721 | D:14     | Noticed Rupert
 37724 | D:14     | Paralysed by Rupert for 7 turns
 37759 | D:14     | Killed Rupert
 37850 | D:14     | Found a gate to the Vaults.
 38193 | D:15     | Entered Level 15 of the Dungeon
 38228 | D:15     | Noticed Nessos
 38654 | D:15     | Reached skill level 15 in Armour
 38659 | D:15     | Found a staircase to the Depths.
 38863 | D:15     | Reached skill level 5 in Stealth
 38863 | D:15     | Reached skill level 4 in Evocations
 38863 | D:15     | Reached XP level 18. HP: 110/119 MP: 24/24
 39015 | D:15     | Killed Nessos
 39083 | D:15     | Reached skill level 5 in Evocations
 39304 | Lair:1   | Got a smoking cloak
 39315 | Lair:1   | Identified the +1 cloak of Ingaepuc {*Confuse MR- Int+9 Slay+3} (You acquired it on level 1 of the Lair of Beasts)
 39446 | Snake:1  | Entered Level 1 of the Snake Pit
 39556 | Snake:1  | Received a gift from Okawaru
 40419 | Snake:1  | Reached skill level 1 in Spellcasting
 40824 | Lair:5   | Reached skill level 2 in Spellcasting
 40965 | Lair:1   | Learned a level 1 spell: Apportation
 40968 | Lair:1   | Learned a level 2 spell: Blink
 40970 | Lair:1   | Learned a level 1 spell: Summon Butterflies
 40973 | Lair:1   | Learned a level 2 spell: Repel Missiles
 40977 | Lair:1   | Learned a level 3 spell: Portal Projectile
 41105 | Snake:2  | Found Kaomiof's Book Emporium.
 41289 | Snake:2  | Found Abre's Assorted Antiques.
 41307 | Snake:2  | Reached skill level 1 in Air Magic
 41329 | Snake:1  | Received a gift from Okawaru
 41329 | Snake:1  | Reached skill level 1 in Charms
 41453 | Snake:2  | Reached skill level 2 in Air Magic
 41573 | Snake:2  | Received a gift from Okawaru
 41645 | Snake:2  | Found Aseet's Armour Shop.
 41720 | Snake:2  | Reached skill level 3 in Air Magic
 41959 | Snake:2  | Reached skill level 2 in Charms
 42045 | Snake:2  | Reached XP level 19. HP: 122/124 MP: 25/25
 42098 | Snake:2  | Reached skill level 3 in Spellcasting
 42246 | Lair:5   | Reached skill level 4 in Air Magic
 42421 | Lair:1   | --Yay, jackpot: branded my QB to electrocution first time!
 42562 | Snake:2  | Received a gift from Okawaru
 42886 | Snake:3  | Reached skill level 3 in Charms
 43099 | Snake:3  | Reached skill level 5 in Air Magic
 43363 | Snake:3  | Reached skill level 4 in Spellcasting
 43363 | Snake:3  | Reached skill level 4 in Charms
 43765 | Snake:3  | Received a gift from Okawaru
 43795 | Snake:3  | Reached skill level 6 in Air Magic
 43823 | Snake:3  | HP: 34/124 [naga warrior/spear (4)]
 44264 | Snake:3  | Reached skill level 5 in Charms
 44293 | Snake:3  | Received a gift from Okawaru
 44761 | Lair:4   | Reached skill level 7 in Air Magic
 44765 | Lair:4   | Reached skill level 5 in Spellcasting
 45110 | Shoals:1 | Entered Level 1 of the Shoals
 45110 | Shoals:1 | Found Routt's Magic Scroll Shoppe.
 45114 | Shoals:1 | Reached skill level 1 in Translocations
 45121 | Shoals:1 | Bought a scroll of enchant weapon for 120 gold pieces
 45409 | Shoals:1 | Noticed Kirke
 45419 | Shoals:1 | Killed Kirke
 45419 | Shoals:1 | Reached skill level 6 in Charms
 45419 | Shoals:1 | Reached skill level 2 in Translocations
 46576 | Shoals:2 | Noticed Roxanne
 46756 | Shoals:2 | Reached skill level 3 in Translocations
 47005 | Shoals:2 | Noticed Nikola
 47018 | Shoals:2 | Killed Nikola
 47018 | Shoals:2 | Reached skill level 4 in Translocations
 47018 | Shoals:2 | Reached XP level 20. HP: 101/129 MP: 28/28
 47274 | Shoals:2 | Reached skill level 7 in Charms
 47303 | Shoals:2 | Learned a level 2 spell: Swiftness
 47313 | Shoals:2 | Reached skill level 6 in Spellcasting
 47561 | Shoals:2 | Reached skill level 5 in Translocations
 48093 | Shoals:3 | Received a gift from Okawaru
 48548 | Shoals:4 | Entered Level 4 of the Shoals
 48591 | Shoals:4 | Reached skill level 6 in Translocations
 48602 | Shoals:4 | Got an ichor-stained scale mail
 48632 | Shoals:3 | Identified the cursed +1 scale mail "Wissoxuo" {rCorr} (You found it on level 4 of the Shoals)
 48856 | Shoals:4 | Received a gift from Okawaru
 48969 | Shoals:4 | Reached skill level 7 in Spellcasting
 48969 | Shoals:4 | Reached skill level 7 in Translocations
 48981 | Shoals:4 | HP: 27/129 [merfolk/trident (14)]
 49256 | Shoals:4 | Received a gift from Okawaru
 49640 | Shoals:4 | Reached skill level 8 in Translocations
 49754 | Shoals:4 | Reached skill level 1 in Summonings
 49874 | Shoals:4 | Noticed Ilsuiw
 49898 | Shoals:4 | Killed Ilsuiw
 49898 | Shoals:4 | Reached skill level 2 in Summonings
 50337 | Shoals:3 | Reached skill level 3 in Summonings
 50527 | Shoals:4 | Reached skill level 4 in Summonings
 50711 | Shoals:4 | Got an ancient plate armour
 50757 | Shoals:4 | Reached skill level 8 in Spellcasting
 50781 | Shoals:4 | Reached skill level 5 in Summonings
 50853 | Shoals:4 | HP: 31/129 [merfolk impaler/trident of venom (14)]
 51072 | Shoals:4 | Reached skill level 6 in Summonings
 51108 | Shoals:4 | Got a barnacled rune of Zot
 51487 | Lair:6   | Identified the cursed +1 plate armour of Farph {rN+ rCorr Str+4} (You took it off a merfolk on level 4 of the Shoals)
 52066 | Lair:6   | Reached XP level 21. HP: 134/134 MP: 33/33
 52635 | Snake:4  | Entered Level 4 of the Snake Pit
 52745 | Snake:4  | Reached skill level 14 in Crossbows
 53096 | Snake:4  | Reached skill level 9 in Spellcasting
 53680 | Snake:4  | Received a gift from Okawaru
 53684 | Snake:4  | --Wow sniper: +15 heavy Xbow of velocity!
 54294 | Snake:4  | Reached skill level 16 in Dodging
 54634 | Snake:4  | Received a gift from Okawaru
 54642 | Snake:4  | Got an ichor-stained cloak {god gift}
 54653 | Snake:4  | Identified the +1 cloak of Dyspraxia {Str+4 Int+3 SInv} (Okawaru gifted it to you on level 4 of the Snake Pit)
 54723 | Snake:4  | Got a serpentine rune of Zot
 54866 | Snake:4  | Reached skill level 10 in Spellcasting
 55270 | Snake:2  | Bought a book of the Warp for 1080 gold pieces
 55276 | Snake:2  | Learned a level 5 spell: Phase Shift
 55580 | Vaults:1 | Entered Level 1 of the Vaults
 55617 | Vaults:1 | Reached skill level 15 in Crossbows
 56554 | Vaults:1 | Noticed Aizul
 56574 | Vaults:1 | Killed Aizul
 56574 | Vaults:1 | Reached skill level 17 in Dodging
 56810 | Vaults:1 | Reached XP level 22. HP: 140/140 MP: 36/36
 56988 | Vaults:1 | Reached skill level 9 in Translocations
 57073 | Vaults:1 | Upgraded the game from 0.17-a0-1368-g6ab37f2 to 0.17-a0-1373-g64d4c99
 57680 | Vaults:1 | Got an encrusted scale mail
 57810 | D:14     | Identified the cursed +1 scale mail "Duklutzo" {+Fly Slay+3} (You found it on level 1 of the Vaults)
 58070 | Vaults:2 | Reached skill level 16 in Crossbows
 58855 | Vaults:2 | Found a staircase to the Crypt.
 58897 | Vaults:2 | Received a gift from Okawaru
 58898 | Vaults:2 | Got a wizard robe {god gift}
 58915 | Vaults:2 | HP: 26/140 [vault warden/battleaxe of chopping (24)]
 58921 | Vaults:2 | HP: 18/140 [vault warden/battleaxe of chopping (8)]
 58938 | Vaults:2 | Reached skill level 10 in Translocations
 60041 | D:14     | Identified the +0 robe of Rokiseog {MR+} (Okawaru gifted it to you on level 2 of the Vaults)
 60292 | Vaults:2 | Reached skill level 18 in Dodging
 61183 | Vaults:2 | Reached skill level 17 in Crossbows
 61184 | Vaults:2 | HP: 37/140 [titan/the air (21)]
 61185 | Vaults:2 | HP: 18/140 [scimitar of electrocution (8)]
 61679 | Vaults:2 | Reached skill level 11 in Translocations
 61743 | Vaults:2 | Reached XP level 23. HP: 128/144 MP: 37/37
 61835 | Vaults:2 | Got a warped long sword
 61851 | Vaults:2 | Identified the +9 long sword of Vyhoga {slice, Str+3} (You found it on level 2 of the Vaults)
 62385 | Vaults:2 | Got a polished rapier
 62386 | Vaults:2 | Identified the cursed +0 rapier of Watchfulness {antimagic, *Noise rPois rF+ MR+} (You found it on level 2 of the Vaults)
 62564 | Vaults:3 | Got a faintly glowing ring mail
 62609 | Vaults:2 | Identified the cursed +1 ring mail of Integrity {MR+} (You found it on level 3 of the Vaults)
 62837 | Vaults:3 | Received a gift from Okawaru
 63136 | Vaults:3 | Found Amyuja's Food Emporium.
 63189 | Vaults:3 | Received a gift from Okawaru
 63263 | Vaults:3 | Noticed Margery
 63272 | Vaults:3 | HP: 37/144 [Margery/bolt of fire (12)]
 63291 | Vaults:3 | HP: 23/144 [hell knight/enchanted great sword[Margery] (2)]
 63780 | Vaults:3 | Killed Margery
 64081 | Vaults:3 | Cast into the Abyss (a lich)
 64305 | Abyss:1  | Paralysed by accursed screaming for 1 turns
 64712 | Abyss:1  | Paralysed by accursed screaming for 1 turns
 64792 | Abyss:1  | HP: 40/145 [starcursed mass/accursed screaming (8)]
 64804 | Abyss:1  | HP: 28/101 [spatial maelstrom (7)]
 64812 | Abyss:1  | HP: 9/102 [spatial maelstrom (15)]
 64813 | Abyss:1  | HP: 2/102 [starcursed mass/accursed screaming (7)]
 64814 | Abyss:1  | Killed from afar by a starcursed mass

Vault maps used:
D:1:      minmay_arrival_nine_rooms
D:2:      st_stairs_8, uniq_terence, uniq_natasha, uniq_jessica
D:3:      lemuel_doored_altar, glass_columns_a, roderic_batcave,
          minmay_misc_feat_rugged
D:4:      minmay_temple_entry_hall, first_bread, serial_shops, shop
D:5:      corexii_shantytown, gup_sewer_entry_bowl, grunt_gozag_statues,
          uniq_eustachio
D:6:      serial_shops, nicolae_shop_stone
D:7:      uniq_duvessa
D:8:      enter_bailey_2, hangedman_tree_tricks, uniq_erolcha, uniq_pikel
D:9:      lair_0_dummy, david_orc_5
D:12:     serial_shops, shop
D:13:     kennysheep_pointless_box, minmay_lizard_king, uniq_maud, uniq_sonja,
          uniq_frances
D:14:     david_vaults_3, roderic_lattice_a, minmay_holes
D:15:     hangedman_depths_entry_try_elsewhere_first, serial_park_avenue1,
          uniq_nessos
Temple:   kilobyte_greek_temple_18
Lair:1:   beast_lair_carwin_3
Lair:2:   columned_hall_lemuel
Lair:3:   minivault_19
Lair:4:   portal_ice_cave_entry_pillars_02, minivault_11,
          infiniplex_staircase_pool, uniq_snorg
Lair:5:   kennysheep_abandoned_house, minmay_snake_entry_guardpost_medium
Lair:6:   minmay_shoals_entry_lonely_mermaid, minmay_snake_entry_spellcaster,
          dpeg_slime_entry_enclosed_altar, serial_bayou_pond_d
Lair:7:   lookout_lair_type, grunt_megastairs_1
Lair:8:   minmay_lair_end_enchanted_forest
Shoals:1: serial_shops, shop, uniq_kirke
Shoals:2: nicolae_shoals_wave_tunnel, uniq_roxanne, uniq_nikola
Shoals:4: shoals_end_simple, shoal_ilsuiw, hangedman_shoal_octodias
Snake:1:  st_stairs_1
Snake:2:  serial_shops, shop, nicolae_shop_window_shopping, shop,
          basic_stair_grate_trap
Snake:3:  nicolae_cobra_stairs, serial_bayou_shore_a, grunt_megastairs_5
Snake:4:  minmay_snake_end_coiled
Orc:2:    hangedman_minor_magic
Orc:3:    basic_altar, nicolae_orc_pool_cavern
Orc:4:    grunt_orc_gardens, grunt_orc_garden, grunt_orc_garden,
          grunt_orc_garden, grunt_orc_garden, serial_shops, shop_scrolls,
          small_statue_alley_c, uniq_azrael
Vaults:1: hangedman_vaults_stream, grunt_vaults_bifocal, v_misc_9, v_rooms_1,
          nicolae_vaults_stairing_the_circle, nicolae_vaults_three_branches,
          vaults_room_stairs_pillars, ontoclasm_vaults_twist,
          ontoclasm_vaults_chip, v_misc_25, vaults_room_stairs_pillars,
          nicolae_vaults_asterisk, nicolae_vaults_little_squares_6, uniq_aizul
Vaults:2: st_greater_box_4, nicolae_vaults_yaktaur_gun_rack,
          grunt_vaults_funnel, vaults_dpeg_cross, nicolae_vaults_big_ls,
          ontoclasm_vaults_hangar, ontoclasm_vaults_loading_screen,
          vaults_mumra_lcd, minmay_crypt_entry_simple_corners
Vaults:3: hangedman_vaults_river_flow, v_misc_28,
          vaults_room_grunt_arrival_ludios, nicolae_vaults_lopsided_apartments,
          vaults_mumra_chevron_long, ontoclasm_vaults_chip,
          vaults_room_door_hall, v_alt_pattern_6, v_alt_pattern_3, serial_shops,
          nicolae_shop_temple_entry_statues_fountains,
          nicolae_trove_entry_diagonal, uniq_margery
Sewer:    sewer_the_crocodile
IceCv:    ice_cave_statue_garden_01

Action                   |  1- 3 |  4- 6 |  7- 9 | 10-12 | 13-15 | 16-18 | 19-21 | 22-24 || total
-------------------------+-------+-------+-------+-------+-------+-------+-------+-------++-------
Melee: Short sword       |    24 |       |       |       |       |       |       |       ||    24
       Dagger            |       |   150 |   247 |   668 |  1407 |  1208 |       |       ||  3680
       Quick blade       |       |       |       |       |       |       |  1226 |   679 ||  1905
 Fire: Hand crossbow     |    69 |    99 |   231 |   351 |   498 |       |       |       ||  1248
       Blowgun           |       |       |     4 |       |       |       |       |       ||     4
       Arbalest          |       |       |       |       |    50 |   695 |   927 |   471 ||  2143
       Heavy crossbow    |       |       |       |       |       |       |    11 |    28 ||    39
Throw: Stone             |       |       |       |     6 |     2 |       |       |       ||     8
       Throwing net      |       |       |       |       |       |     1 |       |       ||     1
 Cast: Repel Missiles    |       |       |       |       |       |       |    20 |     3 ||    23
       Apportation       |       |       |       |       |       |       |    26 |     1 ||    27
       Portal Projectile |       |       |       |       |       |       |    10 |     7 ||    17
       Phase Shift       |       |       |       |       |       |       |       |    25 ||    25
       Swiftness         |       |       |       |       |       |       |       |     4 ||     4
Invok: Heroism           |       |       |     2 |    10 |    11 |     9 |     8 |     1 ||    41
       Finesse           |       |       |       |       |       |     2 |       |       ||     2
 Abil: Evoke Flight      |       |       |       |       |       |       |     7 |       ||     7
Evoke: Wand              |       |       |     5 |     3 |       |       |     1 |       ||     9
  Use: Scroll            |     6 |     4 |    15 |     7 |    11 |     4 |    12 |    13 ||    72
       Potion            |       |       |     5 |     3 |       |     1 |     4 |     5 ||    18
 Stab: Sleeping          |       |       |     1 |       |     7 |     5 |     5 |     1 ||    19
       Distracted        |       |       |       |       |     3 |     2 |     1 |     1 ||     7
       Confused          |       |       |       |       |       |       |     5 |       ||     5
       Fleeing           |       |       |       |       |       |       |     1 |       ||     1
  Eat: Chunk             |     9 |     7 |    14 |    28 |    42 |    40 |    50 |    29 ||   219

Table legend:
 A = Turns spent in this place as a percentage of turns spent in the entire game.
 B = Non-inter-level travel turns spent in this place as a percentage of non-inter-level travel turns spent in the entire game.
 C = Inter-level travel turns spent in this place as a percentage of turns spent in this place.
 D = Turns resting spent in this place as a percentage of non-inter-level travel turns spent in this place.
 E = Turns spent auto-exploring this place as a percentage of non-inter-level travel turns spent in this place.
 F = Non-inter-level travel turns spent in this place divided by the number of levels of this place that you've seen.
                   A       B       C       D       E      F
               +-------+-------+-------+-------+-------+----------------------
         Total | 100.0 | 100.0 |   0.6 |   1.2 |   2.6 | 702.1
       Dungeon |  27.0 |  27.1 |   0.4 |   1.0 |   3.8 | 532.2
        Temple |   0.1 |   0.1 |   3.7 |   0.0 |   3.8 |  26.0
          Lair |  27.3 |  27.2 |   0.9 |   1.1 |   2.4 | 1002.2
        Shoals |  10.7 |  10.7 |   0.5 |   1.4 |   1.6 | 790.5
     Snake Pit |  10.6 |  10.6 |   0.4 |   1.4 |   2.5 | 779.8
  Orcish Mines |   8.7 |   8.7 |   0.8 |   0.8 |   1.3 | 640.5
        Vaults |  13.2 |  13.2 |   0.4 |   1.6 |   2.5 | 1301.7
         Abyss |   1.6 |   1.6 |   0.0 |   1.1 |   0.4 | 467.0
         Sewer |   0.3 |   0.3 |   0.0 |   0.0 |   2.9 | 102.0
      Ice Cave |   0.5 |   0.5 |   0.0 |   0.0 |   0.0 | 146.0
               +-------+-------+-------+-------+-------+----------------------

Vault maps used:
D:1:      minmay_arrival_nine_rooms
D:2:      st_stairs_8, uniq_terence, uniq_natasha, uniq_jessica
D:3:      lemuel_doored_altar, glass_columns_a, roderic_batcave,
          minmay_misc_feat_rugged
D:4:      minmay_temple_entry_hall, first_bread, serial_shops, shop
D:5:      corexii_shantytown, gup_sewer_entry_bowl, grunt_gozag_statues,
          uniq_eustachio
D:6:      serial_shops, nicolae_shop_stone
D:7:      uniq_duvessa
D:8:      enter_bailey_2, hangedman_tree_tricks, uniq_erolcha, uniq_pikel
D:9:      lair_0_dummy, david_orc_5
D:12:     serial_shops, shop
D:13:     kennysheep_pointless_box, minmay_lizard_king, uniq_maud, uniq_sonja,
          uniq_frances
D:14:     david_vaults_3, roderic_lattice_a, minmay_holes
D:15:     hangedman_depths_entry_try_elsewhere_first, serial_park_avenue1,
          uniq_nessos
Temple:   kilobyte_greek_temple_18
Lair:1:   beast_lair_carwin_3
Lair:2:   columned_hall_lemuel
Lair:3:   minivault_19
Lair:4:   portal_ice_cave_entry_pillars_02, minivault_11,
          infiniplex_staircase_pool, uniq_snorg
Lair:5:   kennysheep_abandoned_house, minmay_snake_entry_guardpost_medium
Lair:6:   minmay_shoals_entry_lonely_mermaid, minmay_snake_entry_spellcaster,
          dpeg_slime_entry_enclosed_altar, serial_bayou_pond_d
Lair:7:   lookout_lair_type, grunt_megastairs_1
Lair:8:   minmay_lair_end_enchanted_forest
Shoals:1: serial_shops, shop, uniq_kirke
Shoals:2: nicolae_shoals_wave_tunnel, uniq_roxanne, uniq_nikola
Shoals:4: shoals_end_simple, shoal_ilsuiw, hangedman_shoal_octodias
Snake:1:  st_stairs_1
Snake:2:  serial_shops, shop, nicolae_shop_window_shopping, shop,
          basic_stair_grate_trap
Snake:3:  nicolae_cobra_stairs, serial_bayou_shore_a, grunt_megastairs_5
Snake:4:  minmay_snake_end_coiled
Orc:2:    hangedman_minor_magic
Orc:3:    basic_altar, nicolae_orc_pool_cavern
Orc:4:    grunt_orc_gardens, grunt_orc_garden, grunt_orc_garden,
          grunt_orc_garden, grunt_orc_garden, serial_shops, shop_scrolls,
          small_statue_alley_c, uniq_azrael
Vaults:1: hangedman_vaults_stream, grunt_vaults_bifocal, v_misc_9, v_rooms_1,
          nicolae_vaults_stairing_the_circle, nicolae_vaults_three_branches,
          vaults_room_stairs_pillars, ontoclasm_vaults_twist,
          ontoclasm_vaults_chip, v_misc_25, vaults_room_stairs_pillars,
          nicolae_vaults_asterisk, nicolae_vaults_little_squares_6, uniq_aizul
Vaults:2: st_greater_box_4, nicolae_vaults_yaktaur_gun_rack,
          grunt_vaults_funnel, vaults_dpeg_cross, nicolae_vaults_big_ls,
          ontoclasm_vaults_hangar, ontoclasm_vaults_loading_screen,
          vaults_mumra_lcd, minmay_crypt_entry_simple_corners
Vaults:3: hangedman_vaults_river_flow, v_misc_28,
          vaults_room_grunt_arrival_ludios, nicolae_vaults_lopsided_apartments,
          vaults_mumra_chevron_long, ontoclasm_vaults_chip,
          vaults_room_door_hall, v_alt_pattern_6, v_alt_pattern_3, serial_shops,
          nicolae_shop_temple_entry_statues_fountains,
          nicolae_trove_entry_diagonal, uniq_margery
Sewer:    sewer_the_crocodile
IceCv:    ice_cave_statue_garden_01
